 Dungeon Crawl Stone Soup version 0.17-a0-1979-g1c74939 (webtiles) character file.

312 derrpe the Firebug (level 6, -1/36 HPs)
             Began as a Tengu Fire Elementalist on Oct 5, 2015.
             Was an Initiate of Vehumet.
             Slain by a worker ant (7 damage)
             ... on level 4 of the Dungeon.
             The game lasted 00:08:08 (5061 turns).

derrpe the Firebug (Tengu Fire Elementalist)        Turns: 5061, Time: 00:08:08

Health: -1/36      AC:  2    Str:  8    XL:     6   Next: 42%
Magic:  2/10       EV: 12    Int: 18    God:    Vehumet [......]
Gold:   184        SH:  0    Dex: 14    Spells: 3 memorised, 1 level left

rFire  + . .     SeeInvis .     q - +4 dagger (venom)
rCold  . . .     Clarity  .     a - +0 robe
rNeg   . . .     SustAt   .     (no shield)
rPois  .         Gourm    .     (helmet restricted)
rElec  .         Spirit   .     (no cloak)
rCorr  .         Warding  .     (no gloves)
rMut   .         Stasis   .     (boots unavailable)
MR     .....                    o - amulet of rage
Stlth  ++........               (no ring)
                                t - ring of protection from fire

@: very slightly contaminated, not resistant to hostile enchantments, unstealthy
A: beak, talons 3, able to fly 1
a: Fly, Renounce Religion, Evoke Berserk Rage


You were on level 4 of the Dungeon.
You worshipped Vehumet.
Vehumet was noncommittal.
You were hungry.

You visited 2 branches of the dungeon, and saw 5 of its levels.

You collected 184 gold pieces.

Inventory:

Hand Weapons
 q - a +4 dagger of venom (weapon)
Missiles
 i - 7 tomahawks (quivered)
Armour
 a - a +0 robe (worn)
Jewellery
 o - an amulet of rage (around neck)
 t - a ring of protection from fire (left hand)
Scrolls
 d - a scroll of identify
 g - a scroll of teleportation
 k - a scroll of remove curse
 p - 2 scrolls of blinking
 v - a scroll of magic mapping {unknown}
Potions
 e - 2 potions of curing
 f - 4 potions of might {unknown}
 h - a potion of resistance {unknown}
 m - 3 potions of brilliance {unknown}
 n - a potion of degeneration {unknown}
Books
 b - a book of Flames

   Spells                             Type                      Level
   a - Flame Tongue                   Conjuration/Fire             1
   b - Throw Flame                    Conjuration/Fire             2
   c - Conjure Flame                  Conjuration/Fire             3
   d - Inner Flame                    Hexes/Fire                   3
   e - Sticky Flame                   Conjuration/Fire             4
   f - Fireball                       Conjuration/Fire             5
Comestibles
 c - 4 bread rations {@e1}
 j - 3 fruits
 l - a royal jelly
 r - a meat ration {@e2}
 s - a slice of pizza


   Skills:
 + Level 2.6 Fighting
 - Level 2.1 Dodging
 - Level 2.0 Stealth
 - Level 2.0 Spellcasting
 + Level 4.3 Conjurations
 * Level 5.9 Fire Magic


You had one spell level left.
You knew the following spells:

 Your Spells              Type           Power        Failure   Level  Hunger
a - Flame Tongue          Conj/Fire      ###..        1%          1    #......
b - Conjure Flame         Conj/Fire      ###.....     10%         3    ###....
c - Sticky Flame          Conj/Fire      ###.....     24%         4    #####..


Dungeon Overview and Level Annotations

Branches:
Dungeon (4/15)             Temple (1/1) D:4

Altars:
Cheibriados
Makhleb
Nemelex Xobeh
Okawaru
Ru
Sif Muna
Vehumet
Yredelemnul
Zin


Innate Abilities, Weirdness & Mutations

You have a beak for a mouth.
You have claws for feet.
You can fly.


Message History

Casting: Flame Tongue
Confirm with . or Enter, or press ? or * to list all spells.
Aiming: Conjure Flame
Press: ? - help, Dir - move target cursor, p - gnoll You miscast Conjure Flame.
You are very lightly contaminated with residual magic.
Strange energies run through your body.
You are feeling hungry.
The gnoll completely misses you.
Found 10 gold pieces.
A worker ant comes into view.
The worker ant closely misses you.
You hit the worker ant.
The worker ant is poisoned.
The worker ant is moderately wounded.
The worker ant bites you.
* * * LOW HITPOINT WARNING * * *
The gnoll hits you from afar with a spear.
* * * LOW HITPOINT WARNING * * *
The worker ant bites you!
You die...

#######.#
##.#
........#
#.# #.#
#####.###
#.# #.#
#.....#
#.# #.#
#####.#
#.# #.#
#.# #.#
#.# #.#
#a# #.#
#@# #.#
#.# #.#
#g# #.#
####.#
#.#
##..g$#
#.#
#g###g#
#.#
#.#...#
#.#
#.#.#.#
#######.#
##...##
#.......#


You could see a worker ant and 3 gnolls.

Vanquished Creatures
  An iguana (D:4)
  3 orc wizards
  2 worker ants (D:4)
  A hound skeleton (D:4)
  Robin (D:2)
  5 adders
  2 worms (D:2)
  2 giant geckos
  6 orcs
  13 bats
  4 giant cockroaches
  11 hobgoblins
  2 jackals (D:2)
  8 kobolds
  A quokka (D:2)
  4 ball pythons
  2 giant newts
  13 goblins
  8 rats
89 creatures vanquished.

Notes
Turn   | Place    | Note
--------------------------------------------------------------
     0 | D:1      | derrpe the Tengu Fire Elementalist began the quest for the Orb.
     0 | D:1      | Reached XP level 1. HP: 10/10 MP: 4/4
   170 | D:1      | Reached XP level 2. HP: 14/16 MP: 1/6
   990 | D:1      | Reached skill level 4 in Fire Magic
  1086 | D:2      | Reached XP level 3. HP: 17/20 MP: 5/7
  1095 | D:2      | Found an iron altar of Okawaru.
  1286 | D:2      | Reached skill level 1 in Fighting
  1776 | D:2      | Learned a level 3 spell: Conjure Flame
  2161 | D:2      | Noticed Robin
  2207 | D:2      | Reached XP level 4. HP: 20/25 MP: 2/8
  2463 | D:2      | Killed Robin
  3214 | D:3      | Gained mutation: You can fly. [Tengu growth]
  3214 | D:3      | Reached XP level 5. HP: 28/30 MP: 5/9
  3261 | D:3      | Reached skill level 5 in Fire Magic
  3893 | D:3      | Learned a level 4 spell: Sticky Flame
  3961 | D:4      | Found a staircase to the Ecumenical Temple.
  3981 | Temple   | Entered the Ecumenical Temple
  4056 | Temple   | Became a worshipper of Vehumet
  4460 | D:4      | Reached XP level 6. HP: 5/36 MP: 10/10
  5061 | D:4      | Slain by a worker ant

Vault maps used:
D:1:      dpeg_arrival_ternary
D:2:      okawaru_metal_pillars_1_2, uniq_robin
D:3:      serial_glass, glass_columns_a, glass_columns_a, item_on_display_a
D:4:      tso_altar, minmay_temple_entry_hall, first_bread
Temple:   zaba_magenta_temple_12

Action                   |  1- 3 |  4- 6 || total
-------------------------+-------+-------++-------
Melee: Dagger            |     4 |    37 ||    41
 Cast: Flame Tongue      |    73 |    79 ||   152
       Conjure Flame     |       |     2 ||     2
  Use: Scroll            |       |    10 ||    10
 Stab: Sleeping          |       |     2 ||     2
  Eat: Chunk             |     5 |    10 ||    15
